 Dungeon Crawl Stone Soup version 0.21.1-1-g345015fe64 (webtiles) character file.

27 Revguard the Gusty (level 2, -1/23 HPs)
             Began as a Draconian Air Elementalist on June 12, 2018.
             Slain by a worm (7 damage)
             ... on level 2 of the Dungeon.
             The game lasted 00:05:24 (861 turns).

Revguard the Gusty (Draconian Air Elementalist)      Turns: 861, Time: 00:05:26

Health: -1/23      AC:  4    Str: 10    XL:     2   Next: 93%
Magic:  1/5        EV: 12    Int: 15    God:
Gold:   19         SH:  0    Dex: 11    Spells: 2/5 levels left

rFire    . . .     SeeInvis .   g - +0 dagger
rCold    . . .     Gourm    .   (no shield)
rNeg     . . .     Faith    .   (armour unavailable)
rPois    .         Spirit   .   (helmet restricted)
rElec    .         Reflect  .   (no cloak)
rCorr    .         Harm     .   (no gloves)
MR       .....                  (no boots)
Stlth    ++........             (no amulet)
HPRegen  0.07/turn              h - ring of wizardry
MPRegen  0.09/turn              (no ring)

@: no status effects
A: unfitting armour, cold-blooded, AC +4
a: no special abilities


You were on level 2 of the Dungeon.
You were not hungry.

You visited 1 branch of the dungeon, and saw 2 of its levels.

You collected 19 gold pieces.

Inventory:

Hand Weapons
 g - a +0 dagger (weapon)
Jewellery
 h - a ring of wizardry (left hand)
Scrolls
 i - 3 scrolls of remove curse {unknown}
Potions
 c - a potion of cancellation {unknown}
 d - a potion of magic {unknown}
 e - a potion of lignification {unknown}
 f - a potion of invisibility {unknown}
 j - a potion of flight {unknown}
Books
 a - a book of Air

   Spells                             Type                      Level
   a - Shock                          Conjuration/Air              1
   b - Swiftness                      Charms/Air                   2
   c - Static Discharge               Conjuration/Air              3
   d - Airstrike                      Air                          4
   e - Lightning Bolt                 Conjuration/Air              5
Comestibles
 b - 3 rations


   Skills:
 * Level 1.1 Fighting
 * Level 0.6 Short Blades
 + Level 2.0 Dodging
 + Level 2.0 Stealth
 + Level 2.1 Spellcasting
 + Level 1.3 Conjurations
 + Level 3.2 Air Magic


You had 2 spell levels left.
You knew the following spells:

 Your Spells              Type           Power        Failure   Level  Hunger
a - Shock                 Conj/Air       #...         3%          1    #......
b - Swiftness             Chrm/Air       #.......     7%          2    ###....


Dungeon Overview and Level Annotations

Branches:
Dungeon (2/15)

Altars:


Innate Abilities, Weirdness & Mutations

Your plain brown scales are hard. (AC +4)
You cannot fit into any form of body armour.
You are cold-blooded and may be slowed by cold attacks.


Message History

The bat hits you but does no damage.
The hobgoblin hits you but does no damage.
Casting: Shock
Confirm with . or Enter, or press ? or * to list all spells.
You don't have enough magic to cast that spell.
You barely miss the bat.
The bat is heavily wounded.
The bat hits you but does no damage. The hobgoblin misses you.
You barely miss the worm. You tail-slap the worm.
The worm is moderately wounded.
The hobgoblin hits you but does no damage.
The hobgoblin misses you.
You hit the worm but do no damage.
You tail-slap the worm, but do no damage.
The worm is moderately wounded.
The hobgoblin hits you with a club.
* * * LOW HITPOINT WARNING * * *
The hobgoblin hits you but does no damage.
The worm bites you!
You die...

......##.#
.......#.#
........<# ..
.......#.#..# #
... ......#..)†#
#.
..##..##.#..<†##..
.....##.##...#..[
###...##.##.....!.
#@wb..........#..:
#gg.......###.#...
#..........##.# ..
####.##.##.##.#...
#.##.†w........
#.####.#.......
... #.###..... #..
... ......
#..######......


You could see a worm, 2 hobgoblins and a bat.

Vanquished Creatures
  A dart slug (D:1)
  4 giant cockroaches
  2 goblins (D:1)
  3 hobgoblins
  3 kobolds (D:1)
  6 bats
  A frilled lizard (D:1)
  3 rats
23 creatures vanquished.

Notes
Turn   | Place    | Note
-------+----------+-------------------------------------------
     0 | D:1      | Revguard the Draconian Air Elementalist began the quest for the Orb.
     0 | D:1      | Reached XP level 1. HP: 14/14 MP: 3/3
   465 | D:1      | Reached XP level 2. HP: 15/22 MP: 5/5
   469 | D:1      | Learned a level 2 spell: Swiftness
   612 | D:1      | Reached skill level 1 in Fighting
   861 | D:2      | Slain by a worm

Skill      XL: |  1  2 |
---------------+-------+-----
Dodging        | 2 |  2.0
Fighting       | 1 |  1.1
Stealth        | 2 |  2.0
Short Blades   | |  0.6
Spellcasting   | |  2.1
Conjurations   | |  1.3
Air Magic      | |  3.2

Action                   || total
-------------------------++-------
Melee: Unarmed           ||    23
       Dagger            ||    58
       Tailslap          ||    15
 Cast: Shock             ||    22
 Stab: Sleeping          ||     1
Armor: Skin              ||    36
Dodge: Dodged            ||    79
